 Dungeon Crawl Stone Soup version 0.28.0 (webtiles) character file.

Game seed: 9374268732847937452

7478 Kaptain the Geomancer (level 11, -9/64 HPs)
             Began as a Gargoyle Earth Elementalist on Feb 9, 2022.
             Mangled by a boulder beetle (49 damage)
             ... on level 9 of the Dungeon.
             The game lasted 00:29:34 (13419 turns).

Kaptain the Geomancer (GrEE)                       Turns: 13419, Time: 00:29:35

Health: -9/64      AC: 15    Str: 13    XL:     11   Next: 15%
Magic:  7/21       EV: 13    Int: 19    God:
Gold:   437        SH:  0    Dex: 16    Spells: 20/24 levels left

rFire   + . .      SeeInvis .   b - staff of conjuration
rCold   . . .      Faith    .   (no shield)
rNeg    + . .      Spirit   .   d - +0 leather armour
rPois   ∞          Reflect  .   (no helmet)
rElec   +          Harm     .   a - +0 cloak
rCorr   .          Rampage  .   E - +0 pair of gloves
Will    +....                   y - +0 pair of boots
Stlth   +++.......              (no amulet)
HPRegen 0.20/turn               g - +6 ring of dexterity
MPRegen 0.17/turn               x - ring "Qyeroic" {rElec rF+ Will+}

@: about to teleport
A: sickness immunity, AC +8, negative energy resistance 1, electricity
resistance, torment resistance 1, petrification resistance
a: no special abilities


You were on level 9 of the Dungeon.
You visited 2 branches of the dungeon, and saw 10 of its levels.

You collected 437 gold pieces.

Inventory:

Hand Weapons
 k - a +0 trident
 p - a +2 short sword of venom
 G - a +3 war axe of freezing
Missiles
 n - 6 boomerangs of dispersal
 o - 164 stones
Armour
 a - a +0 cloak (worn)
 d - a +0 leather armour (worn)
 r - a scarf of shadows
 y - a +0 pair of boots (worn)
 C - a +0 kite shield
 E - a +0 pair of gloves (worn)
Magical Staves
 b - a staff of conjuration (weapon)
 h - a staff of cold
Jewellery
 g - a +6 ring of dexterity (left hand)
 x - the ring "Qyeroic" (right hand) {rElec rF+ Will+}
   (You found it on level 7 of the Dungeon)

   [ring of protection from fire]

   rF:        It protects you from fire.
   rElec:     It insulates you from electricity.
   Will:      It increases your willpower.
 K - an amulet of magic regeneration
Wands
 s - a wand of mindburst (6)
 A - a wand of flame (21)
 H - a wand of iceblast (6)
 L - a wand of charming (6)
Scrolls
 e - 2 scrolls of magic mapping {unknown}
 i - 2 scrolls of enchant weapon
 j - a scroll of teleportation
 l - 2 scrolls of blinking {unknown}
 m - a scroll of enchant armour {unknown}
 q - 3 scrolls of fear
 u - a scroll of noise {unknown}
 w - a scroll of fog {unknown}
 F - a scroll of holy word {unknown}
 J - a scroll of silence {unknown}
Potions
 c - a potion of magic {unknown}
 f - 2 potions of curing
 t - a potion of resistance
 v - a potion of mutation
 z - a potion of brilliance {unknown}
 B - 2 potions of flight
 I - a potion of cancellation {unknown}
Miscellaneous
 D - a tin of tremorstones (2/2)


   Skills:
 + Level 5.5 Fighting
 + Level 5.6 Armour
 + Level 4.6 Dodging
 + Level 6.6 Stealth
 + Level 2.5 Shields
 * Level 7.2 Spellcasting
 * Level 7.9 Conjurations
 - Level 0.7 Transmutations
 * Level 9.8 Earth Magic


You had 20 spell levels left.
You knew the following spells:

 Your Spells              Type           Power      Damage    Failure   Level
a - Sandblast             Erth           88%        2d18      1%          1
b - Stone Arrow           Conj/Erth      100%       3d13      1%          3

Your spell library contained the following spells:

 Spells                   Type           Power      Damage    Failure   Level
 Passwall                 Tmut/Erth      21%        N/A       1%          2
 Wereblood                Tmut           9%         N/A       14%         2
 Petrify                  Tmut/Erth      26%        N/A       14%         4
 Animate Armour           Summ/Erth      50%        N/A       16%         4
 Gell's Gravitas          Tloc           6%         N/A       36%         3
 Lesser Beckoning         Tloc           6%         N/A       36%         3
 Teleport Other           Tloc           6%         N/A       36%         3
 Iron Shot                Conj/Erth      28%        9d6       43%         6
 Animate Dead             Necr           3%         N/A       77%         4
 Cause Fear               Hex            3%         N/A       77%         4
 Blade Hands              Tmut           4%         N/A       94%         5
 Dragon Form              Tmut           4%         N/A       100%        7
 Haunt                    Necr/Summ      3%         N/A       100%        7
 Summon Hydra             Summ           3%         N/A       100%        7
 Infestation              Necr           3%         N/A       100%        8
 Dragon's Call            Summ           3%         N/A       100%        9
 Sublimation of Blood     Necr           Unusable   N/A       N/A         2

Dungeon Overview and Level Annotations

Branches:
Dungeon (9/15)             Temple (1/1) D:4
   Lair: D:8-11         Orc: D:9-12

Altars:
Ashenzari
Cheibriados
Dithmenos
Elyvilon
Fedhas
Gozag
Hepliaklqana
Kikubaaqudgha
Makhleb
Nemelex Xobeh
Okawaru
Qazlal
Ru
Sif Muna
Trog
Uskayaw
Vehumet
Wu Jian
Xom
Yredelemnul
Zin
The Shining One

Shops:
D:3 :(   D:8 *


Innate Abilities, Weirdness & Mutations

You are immune to sickness and miasma.
Your stone body is resilient. (AC +8)
You are immune to poison.
You resist negative energy. (rN+)
You are resistant to electric shocks. (rElec)
You are resistant to unholy torment.
You are immune to petrification.


Message History

The kobold brigand is almost dead.
The kobold brigand throws a poisoned dart.
The poisoned dart hits you!
Casting: Stone Arrow (safe; 1% risk of failure)
Confirm with . or Enter, or press ? or * to list all spells.
Aiming: Stone Arrow (safe; 1% risk of failure)
Press: ? - help, Shift-Dir - straight line, f/p - kobold brigand
Aim: a kobold brigand, wielding a +0 dagger of venom and quivering poisoned darts (almost dead, 72% to hit)
You feel a surge of power!
The stone arrow hits the kobold brigand.
The kobold brigand is almost dead.
The kobold brigand throws a poisoned dart.
The poisoned dart closely misses you.
Casting: Stone Arrow (safe; 1% risk of failure)
Confirm with . or Enter, or press ? or * to list all spells.
Aiming: Sandblast (safe; 1% risk of failure)
Press: ? - help, Shift-Dir - straight line, f/p - kobold brigand
Aim: a kobold brigand, wielding a +0 dagger of venom and quivering poisoned darts (almost dead, 79% to hit)
The blast of sand hits the kobold brigand!
You kill the kobold brigand!
The kobold brigand throws a poisoned dart.
The poisoned dart closely misses you.
The kobold brigand throws a poisoned dart.
The poisoned dart closely misses you.
The kobold brigand throws a poisoned dart.
The poisoned dart barely misses you.
The boulder beetle curls into a ball and begins rolling!
The kobold brigand throws a poisoned dart.
The poisoned dart closely misses you.
There is a stone staircase leading up here.
The boulder beetle hits you!
The boulder beetle stops rolling and uncurls.
The boulder beetle curls into a ball and begins rolling!
The boulder beetle hits you!
The boulder beetle stops rolling and uncurls.
The boulder beetle curls into a ball and begins rolling!
As you read the scroll of teleportation, it crumbles to dust.
You feel strangely unstable. The boulder beetle hits you!!!
Ouch! That really hurt!
You die...

#...# ####.######
#...######.##
#...K.°°B○..#
##K.######K.# #..#....<..#
#..#.##....#
##############..#.......#
##............#..#..#°#..#
..............#.@####○#..#
##......).....#.B####.#..#
#^.......[...#..°○°..#..#
##............#.#######..#
.)............#.# #..#
..............#.# #..#
..######..#####.# #..# ..#
##....##.#######..# ..#
#....##.#....(...#


You could see a boulder beetle (rolling) and 2 kobold brigands.

Vanquished Creatures
  2 ugly things (D:8)
  A manticore (D:8)
  3 centaur zombies
  A kobold demonologist (D:9)
  A troll (D:7)
  A spriggan (D:7)
  7 yaks (D:9)
  A wyvern (D:7)
  A vampire (D:8)
  2 water moccasins (D:8)
  4 orc warriors
  2 sky beasts (D:7)
  A black bear (D:5)
  2 hornet zombies
  2 necrophages
  3 centaurs
  9 kobold brigands
  Blork the orc (D:5)
  A gnoll sergeant (D:8)
  2 bullfrogs
  A scorpion (D:5)
  A wyvern zombie (D:4)
  2 wyvern skeletons (D:7)
  3 water moccasin skeletons
  3 killer bees (D:9)
  5 wights (D:9)
  2 howler monkeys (D:8)
  A bullfrog zombie (D:5)
  4 orc priests
  A hound (D:4)
  4 jellies
  2 bullfrog skeletons (D:6)
  A centaur skeleton (D:5)
  An iguana (D:5)
  6 orc wizards
  2 killer bee zombies
  A mummy (D:4)
  2 howler monkey zombies
  3 gnolls (D:4)
  5 adders
  A shadow imp (D:8)
  A white imp (D:5)
  2 ufetubi (D:5)
  A dart slug (D:1)
  24 orcs
  5 ball pythons
  8 endoplasms
  2 giant cockroaches
  7 goblins
  10 hobgoblins
  4 jackals (D:2)
  3 quokkas
  4 bats
  A frilled lizard (D:3)
  17 kobolds
  11 rats
198 creatures vanquished.

Notes
Turn   | Place    | Note
-------+----------+-------------------------------------------
     0 | D:1      | Kaptain the Gargoyle Earth Elementalist began the quest for
                  | the Orb.
     0 | D:1      | Reached XP level 1. HP: 10/10 MP: 3/3
   256 | D:1      | Reached XP level 2. HP: 10/15 MP: 5/5
  1437 | D:2      | Reached skill level 4 in Earth Magic
  1439 | D:2      | Reached XP level 3. HP: 15/20 MP: 6/6
  1448 | D:2      | Reached skill level 1 in Armour
  1764 | D:2      | Found a faded altar of an unknown god.
  2091 | D:2      | Learned a level 3 spell: Stone Arrow
  2223 | D:2      | Reached skill level 1 in Fighting
  2423 | D:3      | Reached XP level 4. HP: 19/25 MP: 5/7
  3006 | D:3      | Found Pyzeihen's Antique Weapon Emporium.
  3245 | D:3      | Found Kahovosh's Book Emporium.
  3521 | D:4      | Reached skill level 1 in Conjurations
  3521 | D:4      | Reached XP level 5. HP: 7/29 MP: 0/9
  4063 | D:4      | Reached XP level 6. HP: 35/35 MP: 7/10
  4093 | D:4      | Reached skill level 5 in Earth Magic
  4601 | D:4      | Found a staircase to the Ecumenical Temple.
  4610 | Temple   | Entered the Ecumenical Temple
  5156 | D:4      | Reached XP level 7. HP: 40/40 MP: 5/12
  5252 | D:4      | Found a snail-covered altar of Cheibriados.
  5812 | D:5      | Entered Level 5 of the Dungeon
  6275 | D:5      | Reached skill level 6 in Earth Magic
  6358 | D:5      | Reached XP level 8. HP: 45/45 MP: 7/14
  6525 | D:5      | Noticed Blork the orc
  6535 | D:5      | Killed Blork the orc
  8494 | D:7      | Reached skill level 5 in Spellcasting
  8494 | D:7      | Reached skill level 7 in Earth Magic
  8730 | D:7      | Identified the ring "Qyeroic" {rElec rF+ Will+}
  8825 | D:7      | Reached XP level 9. HP: 51/51 MP: 13/16
  8975 | D:7      | Reached skill level 5 in Conjurations
  9247 | D:7      | Reached skill level 5 in Stealth
 10347 | D:8      | Reached skill level 8 in Earth Magic
 10437 | D:8      | Noticed a manticore
 10437 | D:8      | Noticed a purple ugly thing
 10456 | D:8      | Killed a purple ugly thing
 10596 | D:8      | Killed a manticore
 10597 | D:8      | Reached XP level 10. HP: 32/58 MP: 9/19
 11225 | D:8      | Found Wedagaf's Assorted Antiques.
 11526 | D:8      | Reached skill level 5 in Armour
 11526 | D:8      | Reached skill level 1 in Shields
 11768 | D:8      | Noticed a green ugly thing
 11772 | D:8      | Killed a green ugly thing
 11772 | D:8      | Noticed a death knight
 11773 | D:8      | Reached skill level 5 in Fighting
 11773 | D:8      | Reached skill level 9 in Earth Magic
 12672 | D:9      | Noticed a boulder beetle
 13129 | D:9      | Reached XP level 11. HP: 64/64 MP: 19/21
 13419 | D:9      | Mangled by a boulder beetle

Illustrated notes

Levels and vault maps discovered:
D:1:      minmay_arrival_split_and_join, layout_basic, minmay_misc_feat_cross
D:2:      layout_loops_ring, hellmonk_ecumenical_altar_arch_garden
D:3:      cheibrodos_greedy_goblins, layout_loops_corners, serial_shops,
          nicolae_shop_waterfront, nicolae_square_shop, grunt_ministairs_7
D:4:      layout_cave_pods, chei_slow_surprise, minmay_temple_entry_mini_moons
D:5:      layout_cave_pools, uniq_blork_the_orc
D:6:      layout_loops_corners, roderic_serpentine_path, minmay_between
D:7:      layout_basic, the_hattery
D:8:      minmay_the_grid_octo_triangle [minmay_the_grid_octo_concentric,
          minmay_the_grid_octo_prize_single_spiral,
          minmay_the_grid_octo_pinwheel], layout_basic, serial_shops,
          nicolae_shop_competitors_out_of_business, st_stairs_14
D:9:      layout_basic, special_room [special_room_kobold],
          kennysheep_small_square
Temple:   nicolae_temple_the_god_donut

Skill      XL: |  1  2  3  4  5  6  7  8  9 10 |
---------------+-------------------------------+-----
Earth Magic    | 4 5 6 7 8 9 |  9.8
Armour         | 1 2 3 4 5 |  5.6
Fighting       | 1 2 3 4 5 |  5.5
Dodging        | 2 3 4 |  4.6
Spellcasting   | 3 4 5 6 7 |  7.2
Conjurations   | 1 2 3 4 6 7 |  7.9
Stealth        | 3 4 5 6 |  6.6
Shields        | 2 |  2.5
Transmutations | |  0.7

Action                   |  1- 3 |  4- 6 |  7- 9 | 10-12 || total
-------------------------+-------+-------+-------+-------++-------
Melee: Unarmed           |    12 |       |       |       ||    12
       Dagger            |     5 |       |       |       ||     5
       Punch             |     1 |       |     1 |       ||     2
       Short sword       |    48 |    26 |       |       ||    74
       Staff             |       |       |     8 |       ||     8
       War axe           |       |       |       |    21 ||    21
 Cast: Sandblast         |    33 |    62 |    79 |   100 ||   274
       Stone Arrow       |       |     6 |    77 |    43 ||   126
Evoke: Wand              |       |       |     8 |       ||     8
  Use: Potion            |       |     3 |       |     1 ||     4
       Scroll            |       |       |     7 |     1 ||     8
 Stab: Sleeping          |     1 |       |       |       ||     1
Armor: Robe              |    25 |    16 |       |       ||    41
       Skin              |       |    14 |       |       ||    14
       Leather armour    |       |       |    28 |    38 ||    66
Dodge: Dodged            |    54 |    37 |    29 |    64 ||   184
